 Dungeon Crawl Stone Soup version 0.27.0-1-g7a089689b8 (webtiles) character file.

Game seed: 949993902693157447

90 sanka the Ducker (level 4, -6/30 HPs)
             Began as a Merfolk Necromancer on Aug 7, 2021.
             Was an Initiate of Ashenzari.
             Killed from afar by an orc wizard (9 damage)
             ... with a magic dart
             ... on level 3 of the Dungeon.
             The game lasted 00:04:10 (3170 turns).

sanka the Ducker (Merfolk Necromancer)              Turns: 3170, Time: 00:04:10

Health: -6/30      AC:  6    Str:  8    XL:     4   Next: 56%
Magic:  3/7        EV: 14    Int: 14    God:    Ashenzari [......]
Gold:   136        SH:  0    Dex: 15    Spells: 6/7 levels left

rFire    . . .     SeeInvis .   b - +0 spear
rCold    . . .     Faith    .   (no shield)
rNeg     . . .     Spirit   .   a - +0 robe "Henotheism of Ashenzari" {Self, Bglg} (curse)
rPois    .         Reflect  .   (no helmet)
rElec    .         Harm     .   (no cloak)
rCorr    .         Rampage  .   (no gloves)
Will     +....                  (no boots)
Stlth    ++........             (no amulet)
HPRegen  0.10/turn              d - +4 ring of protection
MPRegen  0.10/turn              k - ring of willpower

@: no status effects
A: (nimble swimmer 2), mertail
a: Renounce Religion, Curse Item, Shatter the Chains


You were on level 3 of the Dungeon.
You worshipped Ashenzari.
Ashenzari was noncommittal.
You visited 1 branch of the dungeon, and saw 4 of its levels.

You collected 136 gold pieces.


Innate Abilities, Weirdness & Mutations

((You are quick and stealthy near water. (Stealth+, EV+, Speed+++)))
Your lower body shifts to a powerful aquatic tail in water.


   Skills:
 + Level 4.0 Polearms
 + Level 4.7 Dodging
 - Level 2.1 Stealth
 - Level 2.0(2.4) Spellcasting
 - Level 3.2 Necromancy


You had 6 spell levels left.
You knew the following spells:

 Your Spells              Type           Power      Damage    Failure   Level
z - Pain                  Necr           40%        1d6       6%          1

Your spell library contained the following spells:

 Spells                   Type           Power      Damage    Failure   Level
 Animate Skeleton         Necr           20%        N/A       6%          1
 Sublimation of Blood     Necr           5%         N/A       9%          2
 Vampiric Draining        Necr           5%         2d6       19%         3
 Blink                    Tloc           N/A        N/A       34%         2
 Wereblood                Tmut           1%         N/A       34%         2
 Animate Dead             Necr           5%         N/A       52%         4
 Lesser Beckoning         Tloc           0%         N/A       56%         3
 Agony                    Necr           10%        N/A       86%         5
 Manifold Assault         Tloc           1%         N/A       99%         5
 Summon Hydra             Summ           0%         N/A       100%        7

Inventory:

Hand Weapons
 b - a +0 spear (weapon)
Armour
 a - the cursed +0 robe "Henotheism of Ashenzari" (worn) {Self, Bglg}

   It has a curse which improves the following skills: Introspection: Fighting
   and Spellcasting.
   Beguiling: Conjurations, Hexes and Translocations.
Jewellery
 d - a +4 ring of protection (left hand)
 e - a ring of see invisible
 h - a ring of ice
 k - a ring of willpower (right hand)
Scrolls
 c - a scroll of identify {@r1}
 g - a scroll of enchant armour
 i - 2 scrolls of teleportation {@r4}
 j - 2 scrolls of enchant weapon
 l - a scroll of fog
 n - a scroll of fear
Potions
 f - a potion of lignification {!q}
 m - a potion of might
 o - 2 potions of curing {@q1}

Dungeon Overview and Level Annotations

Branches:
Dungeon (4/15)
 Temple: D:4-7

Altars:
Ashenzari

▒ ▒.▒ ▒ ▒.▒ ▒▒ ▒.▒ .▒
▒.▒ .▒▒▒ ▒.▒ ...▒▒▒.▒
▒▒.....▒ ▒▒▒▒▒
...▒▒▒▒▒ ▒...▒▒▒▒▒▒▒▒
..▒▒▒▒▒▒▒▒▒.▒...m...?▒
.........▒▒[{.▒▒▒▒▒▒.▒
..▒▒▒▒.▒...[>▒▒
▒.▒▒▒▒▒▒
..▒▒▒▒...▒▒▒▒▒
▒......▒ ..▒........▒
▒▒▒▒▒▒.▒ .▒▒.▒▒.▒▒..▒
▒.▒ .......▒▒..▒▒▒
▒▒.▒▒
▒▒▒.▒▒.......▒▒▒▒▒▒▒
▒...▒
▒▒▒.▒▒.▒▒..▒.▒...†.▒
▒...▒


There were no monsters in sight!


Message History

An orc wizard comes into view. It is wielding a +0 dagger.
The orc wizard shouts!
You hit the orc.
You kill the orc!
The orc wizard points at you and mumbles some strange words.
The magic dart hits you.
There is a stone staircase leading up here.
The orc wizard writhes in agony.
The orc wizard writhes in agony.
The orc wizard writhes in agony.
The orc wizard casts a spell.
The orc wizard flickers and vanishes!
Deactivating autopickup; reactivate with Ctrl-A.
The orc wizard writhes in agony.
The orc wizard casts a spell.
The orc wizard flickers and vanishes!
You climb upwards.
Reactivating autopickup.
There is a stone staircase leading down here.
Unknown command.
Unknown command.
A magic dart appears from out of thin air!
Deactivating autopickup; reactivate with Ctrl-A.
The magic dart hits you.
A puff of flame appears from out of thin air!
The puff of flame hits you!
* * * LOW HITPOINT WARNING * * *
A magic dart appears from out of thin air!
The magic dart hits you!
You die...

Action                   |  1- 3 |  4- 6 || total
-------------------------+-------+-------++-------
Melee: Spear             |    81 |    45 ||   126
 Cast: Pain              |    50 |    29 ||    79
Invok: Curse Item        |       |     1 ||     1
 Stab: Sleeping          |     4 |       ||     4
Armor: Robe              |    18 |     9 ||    27
Dodge: Dodged            |    60 |    30 ||    90

Levels and vault maps discovered:
D:1:      wander_arrival_desolate, layout_basic, hangedman_decor_clover_reticule
D:2:      layout_basic
D:3:      layout_loops_cross, basic_ecumenical_altar
D:4:      layout_loops_ring, cheibrodos_ashenzari_chains,
          nicolae_dithmenos_the_darkroom, grunt_temple_overflow_open,
          minmay_temple_entry_overgrown, serial_shops, shop, roderic_lattice_a,
          chequers_serial_rivers_micro_c, minmay_fractal_squares_diagonal_5

Notes
Turn   | Place    | Note
-------+----------+-------------------------------------------
     0 | D:1      | sanka the Merfolk Necromancer began the quest for the Orb.
     0 | D:1      | Reached XP level 1. HP: 13/13 MP: 3/3
   132 | D:1      | Reached skill level 1 in Polearms
   132 | D:1      | Reached skill level 3 in Dodging
   201 | D:1      | Reached XP level 2. HP: 7/19 MP: 1/5
   614 | D:1      | Reached skill level 2 in Polearms
  1088 | D:1      | Reached XP level 3. HP: 23/24 MP: 4/6
  1589 | D:2      | Noticed an ogre
  1893 | D:2      | Reached skill level 3 in Polearms
  1893 | D:2      | Reached skill level 4 in Dodging
  2071 | D:2      | Noticed a scorpion
  2313 | D:3      | Reached XP level 4. HP: 27/30 MP: 3/7
  2397 | D:3      | Found a faded altar of an unknown god.
  2406 | D:3      | Became a worshipper of Ashenzari the Shackled
  3130 | D:4      | Reached skill level 4 in Polearms
  3169 | D:3      | HP: 3/30 [something/puff of flame (13)]
  3170 | D:3      | Killed from afar by an orc wizard

Vanquished Creatures
  An adder (D:2)
  2 worms (D:2)
  3 dart slugs
  6 orcs
  7 ball pythons
  9 bats
  3 endoplasms
  2 giant cockroaches
  7 goblins
  5 hobgoblins
  3 jackals (D:2)
  4 kobolds
  A quokka (D:4)
  2 frilled lizards
  3 rats
58 creatures vanquished.
